 Dungeon Crawl Stone Soup version 0.28-a0-620-g539b0f7ac7 (webtiles) character file.

Game seed: 16489081465213750127

2938 ytrimaz the Protected (level 9, -4/71 (79) HPs)
             Began as a Minotaur Berserker on Oct 6, 2021.
             Was an Elder of Trog.
             Slain by a two-headed ogre (22 damage)
             ... on level 8 of the Dungeon.
             The game lasted 00:10:04 (8715 turns).

ytrimaz the Protected (Minotaur Berserker)          Turns: 8715, Time: 00:10:05

HP:   -4/71 (79)    AC:  9    Str: 25    XL:     9   Next: 51%
MP:   8/8           EV: 12    Int:  4    God:    Trog [****..]
Gold: 331           SH:  0    Dex: 10    Spells: 8/8 levels left

rFire   + . .      SeeInvis .   p - +1 dagger (venom)
rCold   . . .      Faith    .   (no shield)
rNeg    . . .      Spirit   .   r - +0 scale mail
rPois   .          Reflect  .   (helmet restricted)
rElec   .          Harm     .   (no cloak)
rCorr   .          Rampage  .   x - +0 pair of gloves
Will    .....                   (no boots)
Stlth   ..........              (no amulet)
HPRegen 0.21/turn               h - ring of protection from fire
MPRegen 0.11/turn               (no ring)

@: heavily drained
A: horns 2, retaliatory headbutt
a: Renounce Religion, Berserk, Trog's Hand, Brothers in Arms


You were on level 8 of the Dungeon.
You worshipped Trog.
Trog was greatly pleased with you.
You visited 1 branch of the dungeon, and saw 8 of its levels.

You collected 331 gold pieces.

Inventory:

Hand Weapons
 d - a +4 hand axe
 f - a +3 short sword
 p - a +1 dagger of venom (weapon)
 A - a +0 rapier
 D - the +5 hunting sling of Melee {speed, rElec rF+ Will+ Dex+2}
   (You found it on level 5 of the Dungeon)

   Attacks with this weapon are significantly faster.
   Dex:       It affects your dexterity (+2).
   rF:        It protects you from fire.
   rElec:     It insulates you from electricity.
   Will:      It increases your willpower.
Missiles
 a - 2 throwing nets (quivered)
Armour
 b - a +0 animal skin
 r - a +0 scale mail (worn)
 x - a +0 pair of gloves (worn)
Jewellery
 h - a ring of protection from fire (left hand)
 l - an amulet of faith
 y - a ring of protection from cold
 G - a ring of ice
Wands
 o - a wand of flame (17)
 C - a wand of digging (3)
Scrolls
 j - 3 scrolls of noise
 m - a scroll of enchant armour
 n - 3 scrolls of immolation
 s - 2 scrolls of amnesia {unknown}
 u - 7 scrolls of teleportation
 v - a scroll of fog {unknown}
 w - a scroll of enchant weapon {unknown}
 B - a scroll of vulnerability {unknown}
 E - a scroll of magic mapping {unknown}
Potions
 c - 2 potions of degeneration {unknown}
 e - 4 potions of heal wounds {unknown}
 g - a potion of resistance {unknown}
 i - 4 potions of curing {unknown}
 k - a potion of haste {unknown}
 q - 3 potions of attraction {unknown}
 t - 2 potions of flight {unknown}
 z - a potion of magic {unknown}
 F - 2 potions of lignification {unknown}


   Skills:
 + Level 7.3 Fighting
 * Level 8.6 Short Blades
 - Level 4.8 Axes
 + Level 9.4 Armour
 + Level 5.2 Dodging


You had 8 spell levels left.
You didn't know any spells.
Your spell library was empty.

Dungeon Overview and Level Annotations

Branches:
Dungeon (8/15)             Temple (0/1) D:4
   Lair: D:8-11

Altars:
Dithmenos
Elyvilon
Hepliaklqana
Zin

Annotations:
D:4 8 runed translucent doors, bande's ghost, amateur GrFi


Innate Abilities, Weirdness & Mutations

You have a pair of horns on your head.
You reflexively headbutt those who attack you in melee.


Message History

You feel drained. The wight closely misses you. You furiously retaliate!
You headbutt the wight, but do no damage.
Your polar bear goes berserk!
The wight hits you with a +0 battleaxe!
You feel drained.
The wight hits your polar bear with a +0 battleaxe!
The wight barely misses you.
The wight hits you with a +0 battleaxe of freezing.
The wight freezes you.
You hit the wight but do no damage. Your headbutt misses the wight.
The wight is almost destroyed.
You hit the wight but do no damage.
The wight is almost destroyed.
Your polar bear bites the wight!
The wight is destroyed!
Trog accepts your kill. The wight hits you but does no damage.
The wight closely misses you.
Your polar bear bites the two-headed ogre!!
Your polar bear closely misses the two-headed ogre.
Your polar bear claws the two-headed ogre!
The wight hits you but does no damage.
Your polar bear closely misses the two-headed ogre.
Your polar bear claws the two-headed ogre but does no damage.
Your polar bear claws the two-headed ogre.
Things that are here:
a +0 battleaxe; a +0 robe You barely miss the two-headed ogre.
Your headbutt misses the two-headed ogre.
The two-headed ogre is heavily wounded.
Your polar bear bites the two-headed ogre.
Your polar bear claws the two-headed ogre.
Your polar bear claws the two-headed ogre but does no damage.
You hit the two-headed ogre.
The two-headed ogre is poisoned.
The two-headed ogre is almost dead.
The wight barely misses you. You furiously retaliate!
You headbutt the wight, but do no damage.
The wight closely misses you.
The two-headed ogre hits you with a +0 dire flail!
* * * LOW HITPOINT WARNING * * *
The two-headed ogre hits you with a +0 giant club!!
You die...

...... ......
...... .... ...
. #.######...
.##.##.z.h......
.......z@O......
.#..###.........
#####.#... # .


You could see a two-headed ogre (very poisoned, ally target), 2 wights and a
friendly polar bear (summoned, berserk).

Vanquished Creatures
  5 yaks (D:6)
  Menkaure (D:6)
  A black bear (D:4)
  2 ice beasts
  A sky beast (D:5)
  3 ogres
  A kobold brigand (D:7)
  2 gnoll sergeants
  A bullfrog (D:7)
  A scorpion (D:5)
  A water moccasin skeleton (D:4)
  4 wights (D:7)
  A howler monkey (D:6)
  A bullfrog zombie (D:7)
  2 jellies (D:6)
  2 centaur skeletons
  4 orc priests
  4 iguanas
  A bullfrog skeleton (D:5)
  4 orc wizards
  A hound skeleton (D:4)
  Robin (D:2)
  16 gnolls
  3 adders
  A howler monkey skeleton (D:7)
  A shadow imp (D:6)
  4 ufetubi
  9 dart slugs
  15 orcs
  6 endoplasms
  3 giant cockroaches
  6 goblins (D:2)
  8 hobgoblins
  3 jackals (D:1)
  2 quokkas (D:3)
  8 ball pythons
  10 bats
  5 frilled lizards
  12 kobolds
  3 rats
159 creatures vanquished.

Vanquished Creatures (collateral kills)
  A wight (D:8)
1 creature vanquished.

Grand Total: 160 creatures vanquished

Notes
Turn   | Place    | Note
-------+----------+-------------------------------------------
     0 | D:1      | ytrimaz the Minotaur Berserker began the quest for the Orb.
     0 | D:1      | Reached XP level 1. HP: 19/19 MP: 0/0
   283 | D:1      | Reached XP level 2. HP: 27/27 MP: 1/1
   770 | D:1      | Reached XP level 3. HP: 30/33 MP: 2/2
   773 | D:1      | Reached ** piety under Trog
  1216 | D:2      | Found a faded altar of an unknown god.
  1779 | D:2      | Noticed Robin
  1790 | D:2      | Killed Robin
  1791 | D:2      | Reached XP level 4. HP: 21/41 MP: 3/3
  2859 | D:4      | Found a large runed translucent door.
  2859 | D:4      | Found a large runed translucent door.
  2859 | D:4      | Found a large runed translucent door.
  2859 | D:4      | Found a large runed translucent door.
  2859 | D:4      | Noticed bande's ghost (amateur GrFi)
  2859 | D:4      | Noticed an ironbound convoker
  2859 | D:4      | Noticed a vault warden
  2866 | D:4      | Found a large runed translucent door.
  2866 | D:4      | Found a large runed translucent door.
  2866 | D:4      | Found a large runed translucent door.
  2866 | D:4      | Found a large runed translucent door.
  2866 | D:4      | Noticed a centaur
  2878 | D:4      | Reached skill level 1 in Short Blades
  2969 | D:4      | Noticed a black bear
  2979 | D:4      | Killed a black bear
  2980 | D:4      | Reached skill level 5 in Fighting
  2980 | D:4      | Reached skill level 3 in Armour
  2980 | D:4      | Reached XP level 5. HP: 38/48 MP: 4/4
  3010 | D:4      | Found a staircase to the Ecumenical Temple.
  3021 | D:4      | Reached XP level 6. HP: 46/56 MP: 5/5
  3594 | D:4      | Reached skill level 4 in Armour
  3594 | D:4      | Reached XP level 7. HP: 30/62 MP: 6/6
  3896 | D:4      | Reached *** piety under Trog
  4244 | D:5      | Entered Level 5 of the Dungeon
  4283 | D:5      | Found a white marble altar of Elyvilon.
  4297 | D:5      | Reached skill level 5 in Short Blades
  4328 | D:5      | Identified the +5 hunting sling of Melee {speed, rElec rF+
                  | Will+ Dex+2}
  4800 | D:5      | Found a shadowy altar of Dithmenos.
  5190 | D:5      | Reached skill level 5 in Armour
  5771 | D:5      | Found a hazy altar of Hepliaklqana.
  5818 | D:5      | Reached XP level 8. HP: 9/70 MP: 7/7
  6215 | D:6      | Reached skill level 6 in Armour
  6562 | D:6      | Reached skill level 7 in Armour
  6583 | D:6      | Reached skill level 8 in Armour
  7122 | D:6      | Reached XP level 9. HP: 78/78 MP: 8/8
  7142 | D:6      | Noticed Menkaure
  7146 | D:6      | Killed Menkaure
  7151 | D:6      | Reached **** piety under Trog
  7196 | D:6      | Reached skill level 5 in Dodging
  7832 | D:7      | Reached skill level 9 in Armour
  8240 | D:7      | Found a glowing silver altar of Zin.
  8706 | D:8      | Noticed a two-headed ogre
  8715 | D:8      | Slain by a two-headed ogre

Illustrated notes

Levels and vault maps discovered:
D:1:      dpeg_arrival_long_road, layout_rooms
D:2:      layout_loops_ring, hellmonk_ecumenical_altar_lost_god, uniq_robin
D:3:      layout_basic
D:4:      layout_loops_cross, minmay_temple_entry_junction_2,
          advil_vaults_ghost_lines
D:5:      kennysheep_slugbush, layout_layer_cave, mainiacjoe_overflow_catwalk,
          lemuel_tele_altar, amcnicky_altar_gilded
D:6:      layout_rooms, minmay_misc_feat_more_columns, uniq_menkaure
D:7:      layout_cave_pools, nicolae_overflow_hidden_temple
D:8:      layout_loops_cross, lemuel_round_altar, serial_shops, shop

Skill      XL: |  1  2  3  4  5  6  7  8  9 |
---------------+----------------------------+-----
Fighting       | 4 5 6 7 |  7.3
Axes           | 4 |  4.8
Short Blades   | 2 3 4 6 7 8 |  8.6
Dodging        | 3 4 5 |  5.2
Armour         | 3 4 5 8 9 |  9.4

Action                   |  1- 3 |  4- 6 |  7- 9 || total
-------------------------+-------+-------+-------++-------
Melee: Hand axe          |    86 |     4 |       ||    90
       Headbutt          |    15 |    15 |    95 ||   125
       Dagger            |       |    86 |   331 ||   417
Invok: Trog's Hand       |     1 |       |       ||     1
       Berserk           |       |     1 |       ||     1
       Brothers in Arms  |       |       |     1 ||     1
  Use: Scroll            |       |       |     5 ||     5
Armor: Animal skin       |    25 |     4 |       ||    29
       Scale mail        |       |    32 |    94 ||   126
Dodge: Dodged            |    73 |    48 |   153 ||   274

Table legend: (Time is in decaauts)
 A = Elapsed time spent in this place.
 B = Non-inter-level travel time spent in this place.
 C = Inter-level travel time spent in this place.
 D = Time resting spent in this place.
 E = Time spent auto-exploring this place.
 F = Levels seen in this place.
 G = Mean time per level.
                   A        B        C        D        E       F      G
               +--------+--------+--------+--------+--------+-----+--------+
         Total |   8622 |   8419 |    203 |   1452 |   5693 |   8 | 1077.8 |
       Dungeon |   8622 |   8419 |    203 |   1452 |   5693 |   8 | 1077.8 |
               +--------+--------+--------+--------+--------+-----+--------+

Top non-repeatable levels by time:
     D:5: 1932 daAuts
     D:4: 1386 daAuts
     D:6: 1280 daAuts
     D:7: 1151 daAuts
     D:1: 1133 daAuts
     D:2: 872 daAuts
     D:3: 854 daAuts
     D:8: 11 daAuts
